 Dungeon Crawl Stone Soup version 0.31-a0-986-g5e6e4ef867 (webtiles) character file.

Game seed: 4358352423228722044

18 ratware the Poker (level 2, -2/24 HPs)
             Began as a Merfolk Berserker on Nov 24, 2023.
             Was a Follower of Trog.
             Slain by an orc
             ... wielding a +0 flail
              (4 damage)
             ... on level 2 of the Dungeon.
             The game lasted 00:05:34 (898 turns).

ratware the Poker (Merfolk Berserker)                Turns: 898, Time: 00:05:35

Health: -2/24      AC:  2    Str: 17    XL:     2   Next: 66%
Magic:  2/2        EV: 13    Int:  6    God:    Trog [*.....]
Gold:   55         SH:  0    Dex: 13    Spells: 1/1 levels left

rFire   . . .        a - +0 spear
rCold   . . .        (no shield)
rNeg    . . .        b - +0 animal skin
rPois   .            (no helmet)
rElec   .            (no cloak)
rCorr   .            (no gloves)
SInv    .            (no boots)
Will    .....        (no amulet)
Stlth   +            (no ring)
HPRegen 0.24/turn    (no ring)
MPRegen 0.08/turn

%: no passive effects
@: no status effects
A: (nimble swimmer 2), mertail
a: Renounce Religion, Berserk


You were on level 2 of the Dungeon.
You worshipped Trog.
Trog was aware of your devotion.
You visited 1 branch of the dungeon, and saw 2 of its levels.

You collected 55 gold pieces.

Inventory:

Hand Weapons
 a - a +0 spear (weapon)
Armour
 b - a +0 animal skin (worn)
Scrolls
 c - 3 scrolls of vulnerability {unknown}


   Skills:
 + Level 3.5 Fighting
 + Level 4.3 Polearms
 + Level 1.6 Armour
 + Level 3.1 Dodging


You had one spell level left.
You didn't know any spells.
Your spell library was empty.

Dungeon Overview and Level Annotations

Branches:
Dungeon (2/15)

Altars:


Innate Abilities, Weirdness & Mutations

((You are very nimble when in or above water. (Stealth+, EV+, Speed+++)))
Your lower body shifts to a powerful aquatic tail in water.


Message History

This altar belongs to (a) Ignis, (b) Dithmenos or (c) Jiyva, but you can't tell which.
Press the corresponding letter to learn more about a god, or press enter to convert or escape to cancel.
Okay, then.
You see here a +0 robe.
Done exploring.
There is an escape hatch in the floor here.
You slide downwards.
The hatch slams shut behind you.
Found 13 gold pieces.
Found 11 gold pieces.
You now have 55 gold pieces (gained 13).
An orc comes into view. It is wielding a +0 hand axe.
The orc shouts!
An orc comes into view. It is wielding a +0 flail.
An orc comes into view. It is wielding a +0 flail.
The orc shouts! x2
An orc comes into view. It is wielding a +0 flail.
The orc shouts!
Found 3 gold pieces.
Found 3 scrolls labelled UCENAI HIERINO.
You see here 3 gold pieces.
You see here 3 scrolls labelled UCENAI HIERINO.
c - 3 scrolls labelled UCENAI HIERINO You puncture the orc!
You kill the orc!
Trog accepts your kill. The orc hits you with a +0 flail.
You see here a +0 hand axe.
You hit the orc.
The orc is heavily wounded.
The orc hits you with a +0 flail.
You hit the orc.
The orc is heavily wounded.
The orc barely misses you.
You hit the orc.
You kill the orc!
Trog accepts your kill. The orc hits you with a +0 flail! x2
* * * LOW HITPOINT WARNING * * *
The orc attacks as it pursues you! The orc misses you.
The orc hits you with a +0 flail.
You die...

###### ####....###
.......... .
#.....# ..#
#@....# ##.#
#.o...##...##
#.o.........# #..
#####)..$...##.
#..............###
#.... ######...#
###.... #...##
.......######.#.#
.........o....#.#


You could see 2 orcs.

Vanquished Creatures
  2 orcs (D:2)
  3 bats (D:1)
  A hobgoblin (D:1)
  2 jackals (D:1)
  2 ball pythons (D:1)
  A frilled lizard (D:1)
  3 goblins (D:1)
  A kobold (D:1)
15 creatures vanquished.

Notes
Turn   | Place    | Note
-------+----------+-------------------------------------------
     0 | D:1      | ratware the Merfolk Berserker began the quest for the Orb.
     0 | D:1      | Reached XP level 1. HP: 18/18 MP: 1/1
   475 | D:1      | Reached XP level 2. HP: 22/24 MP: 2/2
   831 | D:1      | Found a faded altar of an unknown god.
   898 | D:2      | Slain by an orc

Illustrated notes

Levels and vault maps discovered:
D:1:      heliophobic_arrival_henge, layout_loops_cross,
          ebering_ecumenical_altar_hall
D:2:      layout_basic

Skill      XL: |  1  2 |
---------------+-------+-----
Dodging        | 3 |  3.1
Fighting       | |  3.5
Polearms       | |  4.3
Armour         | |  1.6

Action                     || total
---------------------------++-------
  Melee: Spear             ||    53
         Punch             ||     1
    Use: Scroll            ||     2
         Potion            ||     2
   Stab: Sleeping          ||     1
 Armour: Animal skin       ||    31
  Dodge: Dodged            ||    34

Table legend: (Time is in decaauts)
 A = Elapsed time spent in this place.
 B = Non-inter-level travel time spent in this place.
 C = Inter-level travel time spent in this place.
 D = Time resting spent in this place.
 E = Time spent auto-exploring this place.
 F = Levels seen in this place.
 G = Mean time per level.
                   A        B        C        D        E       F      G
               +--------+--------+--------+--------+--------+-----+--------+
         Total |    892 |    876 |     16 |    274 |    354 |   2 |  446.0 |
       Dungeon |    892 |    876 |     16 |    274 |    354 |   2 |  446.0 |
               +--------+--------+--------+--------+--------+-----+--------+

Top non-repeatable levels by time:
     D:1: 862 daAuts
     D:2: 30 daAuts
